Unix xNetHack Version 8.0.0 - last build Dec 12 2023 02:29:49 (91f4f2a3cef525215d93041de673611803b6188e). Game began 2023-12-13 08:59:06, ended 2023-12-13 15:50:29. breadmaster, lawful female human Samurai --------------- |.............| --------- |...........>.| |.......| |...[...%.....| ...<....| ....).........| # |.^.....| |..............#########........| ----.--+------- # ----+---- ## # #### -@- .T.| ...$.| .......| .........| ----------- Breadmaster the Kunoichi St:13 Dx:16 Co:18 In:9 Wi:8 Ch:8 Lawful S:9132 Dlvl:11 $:86 HP:0(76) Pw:43(43) AC:2 Xp:8/2145 T:4752 Burdened Latest messages: You finish eating the troll corpse. You feel invigorated! You see here a +0 ya. You have a little trouble lifting d - a +0 ya (in quiver) {1} (27 in total). You have a little trouble lifting d - 2 +0 ya (in quiver) {2} (29 in total). You have a little trouble lifting D - an egg {1}. You feel enervated. You see here a mummy wrapping. The gray unicorn butts! The gray unicorn misses! Wait! That's a large mimic! You gash the large mimic! You hack the large mimic! You hit the large mimic! You kill the large mimic! You have a little trouble lifting T - a clear potion {20}. You fall down the stairs. You receive a faint telepathic message from Lord Sato: Your help is urgently needed at the Castle of the Taro Clan! Look for a ...ic transporter. You couldn't quite make out that last message. You climb up the stairs. You see here a mummy wrapping. You see here a wooden partisan. The door actually was a small mimic! You gash the small mimic! The small mimic claws you! You hit the small mimic! You kill the small mimic! The troll wields a halberd! The halberd welds itself to the troll's claws! There is a doorway here. You see here a small mimic corpse. The troll bashes with his halberd. The troll slashes you! The troll claws you! The troll bites! You gash the troll! The troll bashes with his halberd. The troll lacerates you! The troll misses! The troll bites! You hack the troll! You hit the troll! The troll bashes with his halberd. The troll pierces you! The troll claws you! The troll bites! You die... Do you want your possessions identified? [ynq] (y) q Inventory: Inventory: 912/825 weight (49/52 slots) Coins $ - 86 gold pieces {1} Weapons d - 29 +0 ya (in quiver) {29} c - a +0 yumi (alternate weapon; not wielded) {30} J - the blessed rustproof +1 Excalibur (weapon in hand) {40} Armor j - a blessed thoroughly rusty +0 orcish helm (being worn) {23} s - a blessed +1 pair of silver kicking boots (being worn) {42} e - an uncursed rustproof +0 splint mail (being worn) {300} Comestibles l - 5 uncursed gunyoki {100} X - 2 uncursed sprigs of wolfsbane {2} V - 3 uncursed tripe rations {30} D - an uncursed egg {1} W - an uncursed lichen corpse {20} Scrolls U - an uncursed scroll of create monster {5} S - an uncursed scroll of enchant armor {5} I - a cursed scroll of enchant armor {5} P - an uncursed scroll of enchant weapon {5} m - 2 uncursed scrolls of identify {10} O - a blessed scroll of magic mapping {5} x - an uncursed scroll of remove curse {5} Z - a blessed scroll of teleportation {5} p - a cursed scroll of teleportation {5} Potions N - a blessed potion of blindness {20} i - an uncursed potion of enlightenment {20} n - a cursed potion of hallucination {20} Q - an uncursed potion of levitation {20} z - an uncursed potion of polymorph {20} v - an uncursed potion of sake {20} T - an uncursed potion of water {20} Rings w - an uncursed ring of fire resistance (on right hand) {3} Wands t - a wand of sleep (0:6) {7} Y - a wand of slow monster (0:5) {7} y - a wand of striking (0:4) {7} Tools f - an uncursed blindfold {2} h - an uncursed mithril lantern {17} G - an uncursed magic lamp {20} k - an uncursed osaku {4} u - a +0 unicorn horn {20} B - an uncursed wax candle {2} Gems/Stones b - an uncursed agate stone {1} C - an uncursed amethyst stone {1} K - a cursed topaz stone {1} M - an uncursed worthless piece of black glass {1} E - an uncursed worthless piece of blue glass {1} a - an uncursed worthless piece of green glass {1} F - an uncursed worthless piece of orange glass {1} H - an uncursed worthless piece of red glass {1} r - an uncursed worthless piece of white glass {1} g - an uncursed worthless piece of yellow glass {1} L - 3 uncursed worthless pieces of yellowish brown glass {3} R - an uncursed flint stone {2} Breadmaster the Samurai's attributes: Background: You were a Kunoichi, a level 8 female human Samurai. You were lawful, on a mission for Amaterasu Omikami who was opposed by Raijin (neutral) and Susanowo (chaotic). You were heterosexual. You were in the Dungeons of Doom, on level 11. You entered the dungeon 4752 turns ago. There was a new moon in effect when your adventure ended. You had 2145 experience points, 415 more were needed to attain level 9. Your score was 9132 before end-of-game adjustments. Basics: You had 0 out of 76 hit points. You had all 43 energy points (spell power). Your armor class was 2. Your wallet contained 86 zorkmids. Autopickup was off. Final Characteristics: Your strength was 13 (peak:17, limit:18/100). Your dexterity was 16 (limit:18). Your constitution was 18 (limit:18). Your intelligence was 9 (limit:18). Your wisdom was 8 (limit:18). Your charisma was 8 (limit:18). Final Status: You were not hungry. You were burdened; movement was slightly slowed. You were wielding a long sword. You had expert skill with long sword. Final Attributes: You were piously aligned. You were fire resistant. Your items were protected from fire. You were level-drain resistant. You were telepathic. You had automatic searching. You were warded. You were fast. You are dead. Miscellaneous: You never encountered a bones level. Total elapsed playing time was 3 hours, 34 minutes and 21 seconds. Major events: Turn 1: breadmaster the lawful female human Samurai entered the dungeon 423: attained the rank of Ronin (level 3) 943: entered the Gnomish Mines 2076: attained the rank of Kunoichi (level 6) 2390: was given Excalibur by the Lady of the Lake 3080: entered Sokoban 4752: killed by a troll Vanquished creatures: a large mimic 13 small mimics a troll a tiger a gargoyle a red naga a wraith a quivering blob a leprechaun an iron piercer a dwarf mummy 2 rust monsters a yeti a gold golem a water nymph a black unicorn 2 snakes 2 apes an Uruk-hai a rock mole a pony 4 yellow lights a shrieker a violet fungus a gray ooze a ghoul 2 giant ants 2 little dogs 3 floating eyes a kitten a dwarf a homunculus a dwarf zombie 9 killer bees an acid blob 2 coyotes a gas spore a large kobold 2 hobgoblins a brown mold a red mold 10 gnomes 11 garter snakes a gnome zombie 2 geckos a jackal 2 foxes a kobold 3 goblins 4 sewer rats 2 grid bugs 7 lichens a kobold zombie 6 newts 124 creatures vanquished. No species were genocided or became extinct. Voluntary challenges: You read items or engraved 14 times. You never genocided any monsters. You never polymorphed an object. You never changed form. You used no wishes. You were celibate. You never generated conflict. You did not violate any of the special Sokoban rules. Achievements: You attained the rank of Ronin. You entered a shop. You entered the Gnomish Mines. You attained the rank of Kunoichi. You entered Sokoban. Dungeon overview: The Dungeons of Doom: levels 1 to 12 Level 1: Some fountains, a sink. Level 2: A scroll shop, some fountains. Level 3: Stairs down to The Gnomish Mines. Level 4: A weapon shop, a tree. Level 5: A general store, a sink. Level 6: Some fountains. Oracle of Delphi. Level 7: Stairs up to Sokoban, level 6. Level 8: A sink. Level 9: Level 10: A general store, a fountain. Level 11: <- You were here. Final resting place for you, killed by a troll. Level 12: Summoned by Lord Sato. The Gnomish Mines: levels 4 to 5 Level 4: Level 5: Sokoban: Level 6: Unsolved. Game over: __________ / \ / REST \ / IN \ / PEACE \ / \ | breadmaster | | 86 Au | | killed by a | | troll | | | | | | 2023 | *| * * * | * _________)/\\_//(\/(/\)/\//\/|_)_______ Sayonara breadmaster the Samurai... You died in The Dungeons of Doom on dungeon level 11 with 9124 points, and 86 pieces of gold, after 4752 moves. You were level 8 with a maximum of 76 hit points when you died.